 Dungeon Crawl Stone Soup version 0.19-a0-1008-g4c63d25 (webtiles) character file.

221 lorenzova the Sneak (level 5, -5/24 HPs)
             Began as a Spriggan Enchanter on July 23, 2016.
             Slain by an orc
             ... wielding a +0 hand axe
              (10 damage)
             ... on level 3 of the Dungeon.
             The game lasted 00:07:37 (4389 turns).

lorenzova the Sneak (Spriggan Enchanter)            Turns: 4389, Time: 00:07:39

Health: -5/24      AC:  3    Str:  5    XL:     5   Next: 65%
Magic:  6/13       EV: 18    Int: 17    God:
Gold:   152        SH:  0    Dex: 16    Spells: 3 memorised, 7 levels left

rFire  . . .     SeeInvis +     a - +1 dagger
rCold  . . .     Gourm    .     b - +1 robe
rNeg   . . .     Faith    .     (shield restricted)
rPois  .         Spirit   .     (helmet restricted)
rElec  .         Dismiss  .     (no cloak)
rCorr  .         Reflect  .     (gloves unavailable)
SustAt .         Harm     .     (boots unavailable)
MR     .....                    n - amulet of magic regeneration
Stlth  ++++......               (no ring)
                                (no ring)

@: very quick, not resistant to hostile enchantments, stealthy
A: unfitting armour, see invisible, herbivore 3, speed 3, slow metabolism 2
a: no special abilities


You were on level 3 of the Dungeon.
You were not hungry.

You visited 1 branch of the dungeon, and saw 3 of its levels.

You collected 152 gold pieces.

Inventory:

Hand Weapons
 a - a +1 dagger (weapon)
Armour
 b - a +1 robe (worn)
Jewellery
 n - an amulet of magic regeneration (around neck)
Scrolls
 f - a scroll of enchant armour {unknown}
 g - 2 scrolls of identify
 h - a scroll of teleportation
 i - a scroll of blinking {unknown}
 k - a scroll of immolation {unknown}
 o - 2 scrolls of random uselessness {unknown}
 p - a scroll of fear
 s - a scroll of noise {unknown}
 t - a scroll of remove curse
Potions
 e - a potion of haste {unknown}
 j - a potion of magic {unknown}
 l - a potion of ambrosia {unknown}
 m - a potion of resistance {unknown}
 q - a potion of heal wounds {unknown}
 r - 5 potions of curing {unknown}
Books
 c - a book of Maledictions

   Spells                             Type                      Level
   a - Corona                         Hexes                        1
   b - Ensorcelled Hibernation        Hexes/Ice                    2
   c - Confuse                        Hexes                        3
   d - Tukima's Dance                 Hexes                        3
   e - Dazzling Spray                 Conjuration/Hexes            3
Comestibles
 d - 2 bread rations


   Skills:
 - Level 1.1 Short Blades
 - Level 3.0 Dodging
 + Level 6.0 Stealth
 * Level 4.7 Spellcasting
 * Level 5.9 Hexes


You had 7 spell levels left.
You knew the following spells:

 Your Spells              Type           Power        Failure   Level  Hunger
a - Corona                Hex            ###....      1%          1    None
b - Ensorcelled Hibernat  Hex/Ice        ##....       10%         2    #......
c - Confuse               Hex            ###.....     4%          3    ###....


Dungeon Overview and Level Annotations

Branches:
Dungeon (3/15)

Altars:
Pakellas
Trog
Uskayaw
Xom

Annotations:
D:3 1 runed door, Robin


Innate Abilities, Weirdness & Mutations

You are tiny and cannot use many weapons and most armour.
You have supernaturally acute eyesight. (SInv)
You are a herbivore.
You cover ground extremely quickly.
You need consume almost no food.


Message History

The gnoll appears confused.
You hit the gnoll but do no damage.
The gnoll is lightly wounded.
The gnoll closely misses the goblin.
You hit the gnoll but do no damage.
The gnoll closely misses the goblin.
You hit the gnoll but do no damage. The goblin hits you but does no damage.
You hit the gnoll.
The gnoll is lightly wounded.
You catch the helpless gnoll completely off-guard!
You puncture the gnoll!
You kill the gnoll!
Your Stealth skill increases to level 6!
The goblin hits you with a club!
* * * LOW HITPOINT WARNING * * *
The hobgoblin barely misses you.
The gnoll wonders, "What am I doing in here?"
The gnoll hits itself with a club.
The orc shouts!
The orc hits you with a hand axe!
You die...

....#####.#############.###.#
##
###.....)...................#
#.
....##########.########.#####
#W ########## #..##### #W# #.
........># #......# #.# #W
########'#####...)..# #.# #.
#........##......# #.# ######
#...÷....##...o.)# #.# ......
#.÷......##..@...# #.# #####.
####........##......###.# #.
...#........#####..#....# #.
..)+...#.#### ##.#....# #.
...###.#.# #......# ..
.......#.# ##.....# ....
########.# #.....# ....
.........# #####.##.# .###
########## #........#


You could see an orc.

Vanquished Creatures
  The ghost of epen the Changer, an amateur MfTm (D:3)
  4 gnolls (D:3)
  3 adders
  2 oozes (D:1)
  3 worms
  2 dart slugs
  2 giant geckos
  3 orcs (D:3)
  4 ball pythons
  5 giant cockroaches
  9 goblins
  9 hobgoblins
  A quokka (D:3)
  A bat (D:1)
  4 giant newts
  5 kobolds
  2 rats
60 creatures vanquished.

Notes
Turn   | Place    | Note
-------+----------+-------------------------------------------
     0 | D:1      | lorenzova the Spriggan Enchanter began the quest for the Orb.
     0 | D:1      | Reached XP level 1. HP: 9/9 MP: 5/5
   419 | D:1      | Reached XP level 2. HP: 13/13 MP: 6/6
   423 | D:1      | Learned a level 2 spell: Ensorcelled Hibernation
  1338 | D:2      | Reached XP level 3. HP: 16/16 MP: 9/9
  1343 | D:2      | Learned a level 3 spell: Confuse
  1791 | D:2      | Reached skill level 5 in Stealth
  2016 | D:2      | Found a bloodstained altar of Trog.
  2390 | D:2      | Reached XP level 4. HP: 21/21 MP: 10/10
  2494 | D:2      | Found a shimmering altar of Xom.
  2496 | D:2      | Found a shimmering altar of Xom.
  2621 | D:3      | Found a runed door.
  3129 | D:3      | Reached skill level 5 in Hexes
  3213 | D:3      | Noticed Robin
  3410 | D:3      | Found a hide-covered altar of Uskayaw.
  4004 | D:3      | Found an oddly glowing altar of Pakellas.
  4029 | D:3      | Noticed epen's ghost (amateur MfTm)
  4207 | D:3      | Killed epen's ghost
  4207 | D:3      | Reached XP level 5. HP: 24/24 MP: 6/12
  4371 | D:3      | Reached skill level 6 in Stealth
  4389 | D:3      | Slain by an orc

Vault maps used:
D:1:      tarquinn_simple_flora_water_e, minmay_misc_feat_pillars
D:2:      xom_redecorated, trog_three_pillars_becter
D:3:      old_standard_altar, grunt_pakellas_salt,
          nicolae_overflow_crystal_walls, uniq_crazy_yiuf_cottage, uniq_grinder,
          uniq_robin

Skill      XL: |  1  2  3  4  5 |
---------------+----------------+-----
Spellcasting   | 3 4 |  4.7
Hexes          | 4 5 |  5.9
Stealth        | 5 6 |  6.0
Short Blades   | |  1.1
Dodging        | |  3.0

Action                   |  1- 3 |  4- 6 || total
-------------------------+-------+-------++-------
Melee: Dagger            |   124 |    94 ||   218
 Cast: Corona            |     1 |       ||     1
       Ensorcelled Hiber |     8 |     8 ||    16
       Confuse           |     3 |    15 ||    18
  Use: Scroll            |     2 |     4 ||     6
 Stab: Sleeping          |    18 |    14 ||    32
       Confused          |     2 |     5 ||     7
  Eat: Fruit             |       |     4 ||     4
Armor: Robe              |    11 |     8 ||    19
Dodge: Dodged            |    85 |    53 ||   138
